FSL
WINTER HAVEN SUN SOX @ MIAMI WHALES
06/15/1982
 
TOP OF THE 1ST
Winter Haven Sun Sox batting - Pitching for Miami Whales : RHP Craig Jones
Pitching: RHP Craig Jones
Batting: LHB Don Carter 0-0: Ground out U3 (Groundball, 3, EV 78.8 MPH)
Batting: RHB Domingo Ramos 0-0: Fly out, F5 (Line Drive, 5, EV 69.4 MPH)
Batting: RHB Augie Schmidt 0-0: Called Strike
0-1: Ground out 4-3 (Groundball, 4, EV 90.0 MPH)
Top of the 1st over - 0 runs, 0 hits, 0 errors, 0 left on base; Winter Haven 0 - Miami 0
BOTTOM OF THE 1ST
Miami Whales batting - Pitching for Winter Haven Sun Sox : LHP Gary Reiter
Pitching: LHP Gary Reiter
Batting: SHB Philip Rossi 0-0: Ball
1-0: Ground out 6-3 (Groundball, 56, EV 85.6 MPH)
Batting: RHB Alex Dominguez 0-0: Ball
1-0: Called Strike
1-1: Fly out, F8 (Flyball, 8RD, EV 86.3 MPH)
Batting: RHB Tom Grant 0-0: Foul Ball, location: 2F
0-1: Ball
1-1: Ball
2-1: Called Strike
2-2: Ball
3-2: Base on Balls
Batting: RHB Donald Morris 0-0: Ball
1-0: Swinging Strike
1-1: Called Strike
1-2: Strikes out swinging
Bottom of the 1st over - 0 runs, 0 hits, 0 errors, 1 left on base; Winter Haven 0 - Miami 0
TOP OF THE 2ND
Winter Haven Sun Sox batting - Pitching for Miami Whales : RHP Craig Jones
Batting: RHB Michael Rupp 0-0: Called Strike
0-1: Fly out, F8 (Flyball, 8RS, EV 81.9 MPH)
Batting: RHB Takashi Upshur 0-0: Ball
1-0: Called Strike
1-1: Ground out 6-3 (Groundball, 6, EV 83.8 MPH)
Batting: RHB Stephen Rhodes 0-0: Called Strike
0-1: Swinging Strike
0-2: Ball
1-2: Ball
2-2: Strikes out swinging
Top of the 2nd over - 0 runs, 0 hits, 0 errors, 0 left on base; Winter Haven 0 - Miami 0
BOTTOM OF THE 2ND
Miami Whales batting - Pitching for Winter Haven Sun Sox : LHP Gary Reiter
Batting: LHB Lorenzo Bundy 0-0: Ball
1-0: Ball
2-0: Called Strike
2-1: Foul Ball, location: 2F
2-2: Foul Ball, location: 2F
2-2: Ball
3-2: Foul Ball, location: 2F
3-2: Strikes out swinging
Batting: SHB Santiago Fernandez 0-0: Foul Ball, location: 2F
0-1: Ball
1-1: Fly out, F8 (Line Drive, 8LM, EV 86.9 MPH)
Batting: SHB Ramon Alcantara 0-0: Fly out, F9 (Flyball, 9LS, EV 96.9 MPH)
Bottom of the 2nd over - 0 runs, 0 hits, 0 errors, 0 left on base; Winter Haven 0 - Miami 0
TOP OF THE 3RD
Winter Haven Sun Sox batting - Pitching for Miami Whales : RHP Craig Jones
Batting: RHB Sam Sorce 0-0: Swinging Strike
0-1: Ball
1-1: Ball
2-1: Ball
3-1: Foul Ball, location: 2F
3-2: Foul Ball, location: 2F
3-2: Strikes out swinging
Batting: RHB Tim Carroll 0-0: Ball
1-0: Fly out, F9 (Line Drive, 9D, EV 86.3 MPH)
Batting: RHB Jose Marcano 0-0: Called Strike
0-1: Called Strike
0-2: Strikes out swinging
Top of the 3rd over - 0 runs, 0 hits, 0 errors, 0 left on base; Winter Haven 0 - Miami 0
BOTTOM OF THE 3RD
Miami Whales batting - Pitching for Winter Haven Sun Sox : LHP Gary Reiter
Batting: RHB Butch Rowe 0-0: Ball
1-0: Foul Ball, location: 2F
1-1: SOLO HOME RUN (Flyball, 9LD, EV 101.9 MPH), Distance : 343 ft
Batting: RHB Jonathan Cordova 0-0: SINGLE (Groundball, 15S, EV 75.0 MPH) (infield hit)
Batting: SHB Philip Rossi 0-0: Ball
1-0: Foul Ball, location: 2F
1-1: Foul Ball, location: 2F
1-2: Foul Ball, location: 2F
1-2: Foul Ball, location: 2F
1-2: Grounds into double play, 6-4-3 (Groundball, 6, EV 80.0 MPH)
Batting: RHB Alex Dominguez 0-0: Called Strike
0-1: Hit by Pitch
Batting: RHB Tom Grant 0-0: Ball
1-0: Called Strike
1-1: Ball
2-1: Ball
3-1: Called Strike
3-2: Fly out, F9 (Line Drive, 9, EV 94.4 MPH)
Bottom of the 3rd over - 1 run, 2 hits, 0 errors, 1 left on base; Winter Haven 0 - Miami 1
TOP OF THE 4TH
Winter Haven Sun Sox batting - Pitching for Miami Whales : RHP Craig Jones
Batting: LHB Don Carter 0-0: Ball
1-0: Foul Ball, location: 2F
1-1: Called Strike
1-2: Ball
2-2: Foul Ball, location: 2F
2-2: Reached on error, E4 (Groundball, 4, EV 86.9 MPH)
Batting: RHB Domingo Ramos 0-0: Ball
1-0: Called Strike
1-1: SINGLE (Line Drive, 8LM, EV 105.0 MPH)
Don Carter to second
Batting: RHB Augie Schmidt 0-0: Ball
1-0: Ball
2-0: Ball
3-0: Called Strike
3-1: Base on Balls
Don Carter to third
Domingo Ramos to second
Batting: RHB Michael Rupp 0-0: Ball
1-0: Foul Ball, location: 2F
1-1: Called Strike
1-2: Foul Ball, location: 2F
1-2: Grounds into double play, 4-6-3 (Groundball, 34, EV 88.1 MPH)
Don Carter scores
Domingo Ramos to third
Batting: RHB Takashi Upshur 0-0: Called Strike
0-1: Ball
1-1: Ball
2-1: Foul Ball, location: 2F
2-2: Ball
3-2: Foul Ball, location: 2F
3-2: Base on Balls
Batting: RHB Stephen Rhodes 0-0: Fly out, F7 (Line Drive, 7, EV 92.5 MPH)
Top of the 4th over - 1 run, 1 hit, 1 error, 2 left on base; Winter Haven 1 - Miami 1
BOTTOM OF THE 4TH
Miami Whales batting - Pitching for Winter Haven Sun Sox : LHP Gary Reiter
Batting: RHB Donald Morris 0-0: Ball
1-0: Ball
2-0: Foul Ball, location: 2F
2-1: Ball
3-1: Ground out 4-3 (Groundball, 4, EV 83.8 MPH)
Batting: LHB Lorenzo Bundy 0-0: Called Strike
0-1: Called Strike
0-2: SINGLE (Line Drive, 8LS, EV 98.1 MPH)
Batting: SHB Santiago Fernandez 0-0: Ball
1-0: SINGLE (Groundball, 56D, EV 95.6 MPH)
Lorenzo Bundy to second
Batting: SHB Ramon Alcantara 0-0: Ball
1-0: Called Strike
1-1: Ball
2-1: Fielders Choice at 2nd, 6-4 (Groundball, 6, EV 82.5 MPH)
Lorenzo Bundy to third
Batting: RHB Butch Rowe 0-0: Ball
1-0: Ball
2-0: Ball
3-0: Called Strike
3-1: Foul Ball, location: 2F
3-2: Ground out 6-3 (Groundball, 6, EV 81.9 MPH)
Bottom of the 4th over - 0 runs, 2 hits, 0 errors, 2 left on base; Winter Haven 1 - Miami 1
TOP OF THE 5TH
Winter Haven Sun Sox batting - Pitching for Miami Whales : RHP Craig Jones
Batting: RHB Sam Sorce 0-0: Ball
1-0: Ball
2-0: Ball
3-0: Base on Balls
Batting: RHB Tim Carroll 0-0: Bunted foul
0-1: Bunt missed!
0-2: Ball
1-2: Ball
2-2: Foul Ball, location: 2F
2-2: Foul Ball, location: 2F
2-2: Fly out, F9 (Flyball, 89D, EV 94.4 MPH)
Batting: RHB Jose Marcano 0-0: Ball
1-0: Fly out, F7 (Flyball, 7, EV 77.5 MPH)
Batting: LHB Don Carter 0-0: Foul Ball, location: 2F
0-1: Ball
1-1: Ball
2-1: Ball
3-1: Foul Ball, location: 2F
3-2: Strikes out swinging
Top of the 5th over - 0 runs, 0 hits, 0 errors, 1 left on base; Winter Haven 1 - Miami 1
BOTTOM OF THE 5TH
Miami Whales batting - Pitching for Winter Haven Sun Sox : LHP Gary Reiter
Batting: RHB Jonathan Cordova 0-0: Ball
1-0: Fly out, F7 (Flyball, 7LS, EV 93.8 MPH)
Batting: SHB Philip Rossi 0-0: Called Strike
0-1: Swinging Strike
0-2: Ball
1-2: Strikes out swinging
Batting: RHB Alex Dominguez 0-0: Ball
1-0: Ball
2-0: Swinging Strike
2-1: Foul Ball, location: 2F
2-2: Foul Ball, location: 2F
2-2: Ball
3-2: Reached on error, E6 (Groundball, 56D, EV 80.0 MPH)
Batting: RHB Tom Grant 0-0: Called Strike
0-1: Ground out 5-3 (Groundball, 56S, EV 91.3 MPH)
Bottom of the 5th over - 0 runs, 0 hits, 1 error, 1 left on base; Winter Haven 1 - Miami 1
TOP OF THE 6TH
Winter Haven Sun Sox batting - Pitching for Miami Whales : RHP Craig Jones
Batting: RHB Domingo Ramos 0-0: Swinging Strike
0-1: Foul Ball, location: 2F
0-2: Ball
1-2: SINGLE (Groundball, 56, EV 95.6 MPH)
Batting: RHB Augie Schmidt 0-0: Ball
1-0: Foul Ball, location: 2F
1-1: Called Strike
1-2: Ball
2-2: Fly out, F7 (Flyball, 7, EV 86.3 MPH)
Batting: RHB Michael Rupp 0-0: SINGLE (Flyball, 9LS, EV 88.8 MPH)
Domingo Ramos to second
Batting: RHB Takashi Upshur 0-0: Grounds into double play, 6-4-3 (Groundball, 6, EV 90.6 MPH)
Top of the 6th over - 0 runs, 2 hits, 0 errors, 1 left on base; Winter Haven 1 - Miami 1
BOTTOM OF THE 6TH
Miami Whales batting - Pitching for Winter Haven Sun Sox : LHP Gary Reiter
Batting: RHB Donald Morris 0-0: Ball
1-0: Ball
2-0: Ball
3-0: Called Strike
3-1: SINGLE (Line Drive, 78S, EV 106.9 MPH)
Batting: LHB Lorenzo Bundy 0-0: Ball
1-0: SINGLE (Groundball, 4D, EV 103.8 MPH)
Donald Morris to second
Runner from 2nd tries for 3rd, SAFE, throw by CF made to third
Batting: SHB Santiago Fernandez 0-0: Ball
1-0: Ball
2-0: Called Strike
2-1: Ball
3-1: Swinging Strike
3-2: Foul Ball, location: 2F
3-2: Strikes out swinging
Lorenzo Bundy is caught stealing 2nd base 2-4
Batter strikes out.
Batting: SHB Ramon Alcantara 0-0: Called Strike
0-1: Ball
1-1: Foul Ball, location: 2F
1-2: Strikes out swinging
Bottom of the 6th over - 0 runs, 2 hits, 0 errors, 1 left on base; Winter Haven 1 - Miami 1
TOP OF THE 7TH
Winter Haven Sun Sox batting - Pitching for Miami Whales : RHP Craig Jones
Batting: RHB Stephen Rhodes 0-0: Ball
1-0: Ball
2-0: Foul Ball, location: 2F
2-1: Fly out, F7 (Line Drive, 7, EV 93.1 MPH)
Batting: RHB Sam Sorce 0-0: Called Strike
0-1: Ball
1-1: Swinging Strike
1-2: Foul Ball, location: 2F
1-2: Ball
2-2: Ball
3-2: Fly out, F8 (Line Drive, 8RD, EV 92.5 MPH)
Batting: RHB Tim Carroll 0-0: Ball
1-0: Ball
2-0: Called Strike
2-1: Foul Ball, location: 2F
2-2: Ground out 1-3 (Groundball, P, EV 73.1 MPH)
Top of the 7th over - 0 runs, 0 hits, 0 errors, 0 left on base; Winter Haven 1 - Miami 1
BOTTOM OF THE 7TH
Miami Whales batting - Pitching for Winter Haven Sun Sox : LHP Gary Reiter
Batting: RHB Butch Rowe 0-0: Ball
1-0: Fly out, F8 (Flyball, 8RXD, EV 110.6 MPH)
Batting: RHB Jonathan Cordova 0-0: Ball
1-0: Foul Ball, location: 2F
1-1: Swinging Strike
1-2: Ball
2-2: Strikes out swinging
Batting: SHB Philip Rossi 0-0: Ball
1-0: Fly out, F6 (Flyball, 56D, EV 95.6 MPH)
Bottom of the 7th over - 0 runs, 0 hits, 0 errors, 0 left on base; Winter Haven 1 - Miami 1
TOP OF THE 8TH
Winter Haven Sun Sox batting - Pitching for Miami Whales : RHP Craig Jones
Batting: RHB Jose Marcano 0-0: Ground out 4-3 (Groundball, 4S, EV 88.1 MPH)
Batting: LHB Don Carter 0-0: Foul Ball, location: 2F
0-1: Ground out U3 (Groundball, 3, EV 80.6 MPH)
Batting: RHB Domingo Ramos 0-0: Called Strike
0-1: Ball
1-1: Fly out, F8 (Flyball, 8LM, EV 95.0 MPH)
Top of the 8th over - 0 runs, 0 hits, 0 errors, 0 left on base; Winter Haven 1 - Miami 1
BOTTOM OF THE 8TH
Miami Whales batting - Pitching for Winter Haven Sun Sox : LHP Gary Reiter
Batting: RHB Alex Dominguez 0-0: Ball
1-0: Called Strike
1-1: Ground out 5-3 (Groundball, 56S, EV 89.4 MPH)
Batting: RHB Tom Grant 0-0: Ball
1-0: Called Strike
1-1: Swinging Strike
1-2: Strikes out swinging
Batting: RHB Donald Morris 0-0: Ground out 4-3 (Groundball, 4D, EV 110.0 MPH)
Bottom of the 8th over - 0 runs, 0 hits, 0 errors, 0 left on base; Winter Haven 1 - Miami 1
TOP OF THE 9TH
Winter Haven Sun Sox batting - Pitching for Miami Whales : RHP Craig Jones
Batting: RHB Augie Schmidt 0-0: Ground out 1-3 (Groundball, 34S, EV 67.5 MPH)
Batting: RHB Michael Rupp 0-0: Ball
1-0: Ball
2-0: SINGLE (Flyball, 6D, EV 88.1 MPH)
Pinch Hitting: LHB Charles Melito 0-0: Called Strike
0-1: Foul Ball, location: 2F
0-2: Ball
Wild Pitch!
Michael Rupp to second
1-2: Strikes out swinging
Batting: RHB Stephen Rhodes 0-0: Ball
1-0: Called Strike
1-1: Ball
2-1: Foul Ball, location: 2F
2-2: Foul Ball, location: 2F
2-2: Ball
3-2: Base on Balls
Pinch Runner at 2nd Roderick Murphy:
Batting: RHB Sam Sorce 0-0: SINGLE (Flyball, 8LS, EV 90.0 MPH)
Roderick Murphy to third
Stephen Rhodes to second
Runner from 3rd tries for Home, SAFE, throw by CF to home
Batting: RHB Tim Carroll 0-0: Ball
1-0: Swinging Strike
1-1: Ball
2-1: Ground out U3 (Groundball, 34, EV 85.0 MPH)
Top of the 9th over - 1 run, 2 hits, 0 errors, 2 left on base; Winter Haven 2 - Miami 1
BOTTOM OF THE 9TH
Miami Whales batting - Pitching for Winter Haven Sun Sox : LHP Gary Reiter
Pitching: RHP Brian Monahan
Now at C: Tony Flores
Now at 1B: Charles Melito
Now at 3B: Bob Nandin
Batting: LHB Lorenzo Bundy 0-0: Swinging Strike
0-1: Ball
1-1: Ball
2-1: Ball
3-1: Base on Balls
Batting: SHB Santiago Fernandez 0-0: Sac Bunt to 15S - play at first, batter OUT! 1-4
Lorenzo Bundy to second
Batting: SHB Ramon Alcantara 0-0: Ball
1-0: Ball
2-0: Ball
3-0: Foul Ball, location: 2F
3-1: Base on Balls
Pinch Runner at 2nd Steve Benson:
Batting: RHB Butch Rowe 0-0: Ball
1-0: Called Strike
1-1: Foul Ball, location: 2F
1-2: Fly out, F9 (Line Drive, 9, EV 93.1 MPH)
Pinch Hitting: LHB Brad Garnett 0-0: Swinging Strike
0-1: Ball
1-1: Ball
2-1: Ground out 2-3 (Groundball, 15S, EV 68.1 MPH)
Bottom of the 9th over - 0 runs, 0 hits, 0 errors, 2 left on base; Winter Haven 2 - Miami 1
Friday, August 7th, 2020 - OOTP Baseball 21.5 Build 76